 Dungeon Crawl Stone Soup version 0.31.0-32-g396128a36d (webtiles) character file.

Game seed: 3418089253363517427

160 Ijustatesigmund the Conjurer (level 5, -1/35 HPs)
             Began as an Octopode Conjurer on Mar 21, 2024.
             Slain by Grinder (11 damage)
             ... while paralysed by Grinder
             ... on level 3 of the Dungeon.
             The game lasted 00:04:42 (3064 turns).

Ijustatesigmund the Conjurer (Octopode Conjurer)    Turns: 3064, Time: 00:04:43

Health: -1/35      AC:  1    Str:  7    XL:     5   Next: 41%
Magic:  0/9        EV:  2    Int: 22    God:
Gold:   172        SH:  0    Dex: 10    Spells: 3/10 levels left

rFire   . . .        l - +0 whip
rCold   + . .        (no shield)
rNeg    . . .        (helmet restricted)
rPois   .            (no amulet)
rElec   .            j - ring of protection from cold
rCorr   .            (no ring)
SInv    .            (no ring)
Will    .....        (no ring)
Stlth   +++          (no ring)
HPRegen 0.25/turn    (no ring)
MPRegen 0.11/turn    (no ring)
                     (no ring)

%: no passive effects
@: paralysed
A: almost no armour, amphibious, 8 rings, camouflage 1, gelatinous body 1,
(nimble swimmer 1), tentacles
a: no special abilities


You were on level 3 of the Dungeon.
You visited 1 branch of the dungeon, and saw 3 of its levels.

You collected 172 gold pieces.

Inventory:

Hand Weapons
 l - a +0 whip (weapon)
Jewellery
 j - a ring of protection from cold (left tentacle)
Scrolls
 d - 4 scrolls of teleportation {unknown}
 f - a scroll of noise {unknown}
 h - a scroll of enchant armour {unknown}
 i - a scroll of identify {unknown}
 k - a scroll of blinking {unknown}
 m - 2 scrolls of fear {unknown}
 o - 3 scrolls of vulnerability {unknown}
 p - a scroll of torment {unknown}
 q - a scroll of acquirement {unknown}
 r - a scroll of revelation {unknown}
Potions
 a - a potion of magic
 b - a potion of attraction {unknown}
 e - 2 potions of might {unknown}
 g - 3 potions of heal wounds {unknown}
 n - a potion of resistance {unknown}
 s - a potion of curing {unknown}


   Skills:
 - Level 2.5 Fighting
 - Level 2.0 Dodging
 - Level 2.6 Stealth
 + Level 3.2 Spellcasting
 + Level 4.9 Conjurations
 + Level 0.7 Translocations


You had 3 spell levels left.
You knew the following spells:

 Your Spells              Type           Power      Damage    Failure   Level
a - Magic Dart            Conj           100%       1d8       1%          1
b - Searing Ray           Conj           50%        2d6       2%          2
c - Iskenderun's Mystic   Conj/Tloc      16%        2d5       36%         4

Your spell library contained the following spells:

 Spells                   Type           Power      Damage    Failure   Level
 Cigotuvi's Dreadful Rot  Necr/Alch/Air  6%         N/A       19%         2
 Jinxbite                 Hex            6%         N/A       19%         2
 Scorch                   Fire           6%         2d5       19%         2
 Flame Wave               Conj/Fire      14%        2d6       41%         4
 Fulminant Prism          Conj/Alch      7%         3d7       41%         4
 Ignite Poison            Fire/Alch      3%         N/A       77%         4
 Freezing Cloud           Conj/Ice/Air   5%         6-21      86%         5
 Yara's Violent Unravell  Hex/Alch       1%         3d3       98%         5
 Summon Cactus Giant      Summ           1%         N/A       100%        6
 Enfeeble                 Hex            1%         N/A       100%        7


Dungeon Overview and Level Annotations

Branches:
Dungeon (3/15)

Altars:

Shops:
D:3 (

Annotations:
D:3 Grinder


Innate Abilities, Weirdness & Mutations

You cannot wear most types of armour.
You are amphibious.
You can wear up to eight rings at the same time.
Your skin changes colour to match your surroundings (Stealth+).
Your rubbery body absorbs attacks. (AC +1, EV +1)
((You are camouflaged when in or above water. (Stealth+)))
You have tentacles for arms and can constrict up to eight enemies at once.


Message History

The searing ray hits Grinder.
Grinder is heavily wounded. (Press . to maintain the ray.)
The searing ray hits Grinder.
Grinder is severely wounded.
Grinder barely misses you.
The searing ray hits Grinder.
Grinder is severely wounded.
Grinder gestures at you.
You suddenly lose the ability to move!
Grinder barely misses you.
You can move again.
Casting: Searing Ray (safe; 2% risk of failure)
Confirm with . or Enter, or press ? or * to list all spells.
You don't have enough magic to cast this spell.
You hit Grinder. Your grab misses Grinder. Your squeeze misses Grinder.
Grinder is almost dead.
Grinder misses you.
You hit Grinder. Your grab misses Grinder.
Grinder is almost dead.
Grinder gestures at you. Pain shoots through your body!
Unknown command.
You closely miss Grinder. Your grab misses Grinder.
Grinder is almost dead.
Grinder hits you.
* * * LOW HITPOINT WARNING * * *
Unknown command.
You aren't carrying any items that you can evoke.
Unknown command.
Throw: javelin (silver)
Press: ? - help, Q - select action, (/) - cycle Shift-Dir - straight line, f/p - Grinder
Aim: Grinder (almost dead, 47% to hit, chaotic)
You throw a silver javelin.
The silver javelin barely misses Grinder.
Grinder gestures at you.
You suddenly lose the ability to move!
Grinder barely misses you. Grinder hits you!
You die...
Grinder says, "Hey, I wasn't done torturing you yet!"

#.##.# ##.#### ...##
#.##<# #..... ...∩#
#.##.####..#### ....##
#.##...)).....####......
.#.#..###.......(...5...
.# ###...# #.###.##.# ..#
.#....# #.# #.##.# ..#
#.#...# #.# #.##5# ...##
......# #.#
#.##@########...(#
#.#.#.#
#.###.##.............#
....#.#
#<.##........##.###.>
#..(..###.#.####.###....#
#.# #######>.###.....#
#..#.###.# #.#[#.####.#
#..#.....# #######.##.##
#.# #..####..#
........##.# #.#
...####..# ####.#####.#
#............#


You could see Grinder.

Vanquished Creatures
  An orc priest (D:3)
  Jessica (D:3)
  An orc wizard (D:3)
  An adder (D:2)
  4 dart slugs
  A ribbon worm (D:3)
  3 orcs
  3 ball pythons (D:1)
  4 endoplasms
  3 giant cockroaches
  8 goblins
  4 hobgoblins (D:3)
  8 quokkas
  2 bats (D:1)
  3 frilled lizards
  2 kobolds (D:2)
  4 rats
53 creatures vanquished.

Notes
Turn   | Place    | Note
-------+----------+-------------------------------------------
     0 | D:1      | Ijustatesigmund the Octopode Conjurer began the quest for
                  | the Orb.
     0 | D:1      | Reached XP level 1. HP: 11/11 MP: 3/3
   159 | D:1      | Reached XP level 2. HP: 14/18 MP: 3/5
   463 | D:1      | Reached skill level 1 in Fighting
  1019 | D:2      | Reached XP level 3. HP: 23/23 MP: 3/6
  1498 | D:2      | Learned a level 2 spell: Searing Ray
  1970 | D:3      | Reached XP level 4. HP: 10/29 MP: 4/8
  2363 | D:3      | Reached XP level 5. HP: 24/35 MP: 0/9
  2543 | D:3      | Learned a level 4 spell: Iskenderun's Mystic Blast
  2630 | D:3      | Noticed Jessica
  2644 | D:3      | Killed Jessica
  3039 | D:3      | Found Qayps's Antique Weapon Shop.
  3039 | D:3      | Noticed Grinder
  3058 | D:3      | Paralysed by Grinder for 2 turns
  3063 | D:3      | Paralysed by Grinder for 2 turns
  3064 | D:3      | Slain by Grinder

Illustrated notes

Levels and vault maps discovered:
D:1:      minmay_arrival_jagged, layout_rooms
D:2:      layout_basic, minmay_misc_feat_hallway, minmay_misc_feat_rows
D:3:      layout_loops_ring, serial_shops, shop, minmay_goblin_kobold_house,
          uniq_jessica, uniq_grinder, uniq_crazy_yiuf_cottage

Skill      XL: |  1  2  3  4 |
---------------+-------------+-----
Fighting       | 1 2 |  2.5
Spellcasting   | 3 |  3.2
Dodging        | |  2.0
Stealth        | |  2.6
Conjurations   | |  4.9
Translocations | |  0.7

Action                     |  1- 3 |  4- 6 || total
---------------------------+-------+-------++-------
  Melee: Unarmed           |    26 |       ||    26
         Constrict         |     7 |     5 ||    12
         Tentacles         |     7 |     3 ||    10
         Whip              |     9 |    21 ||    30
         Punch             |       |     2 ||     2
  Throw: Javelin           |       |     2 ||     2
   Cast: Magic Dart        |    63 |    21 ||    84
         Searing Ray       |     1 |     5 ||     6
    Use: Potion            |     1 |       ||     1
   Stab: Sleeping          |     2 |     1 ||     3
 Armour: Skin              |    25 |     6 ||    31
  Dodge: Dodged            |    17 |    18 ||    35
